 Dungeon Crawl Stone Soup version 0.29.1-15-g9cfb28693d (webtiles) character file.

Game seed: 2240052965974727924

429 safid the Chiller (level 6, 0/48 HPs)
             Began as a Merfolk Ice Elementalist on Mar 31, 2023.
             Slain by Edmund
             ... wielding a +2 dire flail of protection
              (6 damage)
             ... on level 4 of the Dungeon.
             The game lasted 00:06:48 (3716 turns).

safid the Chiller (Merfolk Ice Elementalist)        Turns: 3716, Time: 00:06:49

Health: 0/48       AC: 13    Str:  8    XL:     6   Next: 98%
Magic:  0/12       EV: 12    Int: 16    God:
Gold:   101        SH:  0    Dex: 15    Spells: 6/13 levels left

rFire   . . .      SeeInvis +   d - +0 hand axe
rCold   . . .      Faith    .   (no shield)
rNeg    . . .      Spirit   .   a - +0 robe
rPois   +          Reflect  .   l - +1 helmet {SInv}
rElec   .          Harm     .   i - +0 cloak
rCorr   .          Rampage  .   (no gloves)
Will    .....                   o - +1 pair of boots
Stlth   ++........              (no amulet)
HPRegen 0.16/turn               k - ring of poison resistance
MPRegen 0.13/turn               (no ring)

@: ice-armoured
A: (nimble swimmer 2), mertail
a: no special abilities


You were on level 4 of the Dungeon.
You visited 1 branch of the dungeon, and saw 4 of its levels.

You collected 101 gold pieces.

Inventory:

Hand Weapons
 d - a +0 hand axe (weapon)
Armour
 a - a +0 robe (worn)
 i - a +0 cloak (worn)
 l - a +1 helmet of see invisible (worn)
 o - a +1 pair of boots (worn)
Jewellery
 k - a ring of poison resistance (left hand)
Scrolls
 c - 6 scrolls of teleportation {unknown}
 f - a scroll of immolation {unknown}
 g - 3 scrolls of identify {unknown}
 h - a scroll of amnesia {unknown}
 p - a scroll of vulnerability {unknown}
 q - a scroll of noise {unknown}
 r - a scroll of enchant weapon {unknown}
Potions
 b - 3 potions of magic
 e - a potion of brilliance {unknown}
 j - 2 potions of lignification {unknown}
 m - a potion of might {unknown}
 n - a potion of degeneration {unknown}


   Skills:
 + Level 4.2 Fighting
 - Level 2.6 Dodging
 - Level 2.1 Stealth
 + Level 4.1 Spellcasting
 + Level 6.2 Ice Magic


You had 6 spell levels left.
You knew the following spells:

 Your Spells              Type           Power      Damage    Failure   Level
a - Freeze                Ice            92%        1d10      1%          1
b - Frozen Ramparts       Ice            46%        1d7       3%          3
c - Ozocubu's Armour      Ice            23%        N/A       3%          3

Your spell library contained the following spells:

 Spells                   Type           Power      Damage    Failure   Level
 Hailstorm                Conj/Ice       13%        3d5       43%         4
 Summon Ice Beast         Ice/Summ       13%        N/A       43%         4
 Dazzling Flash           Conj/Hex       6%         N/A       45%         3
 Gell's Gravitas          Tloc           3%         N/A       45%         3
 Summon Guardian Golem    Hex/Summ       3%         N/A       45%         3
 Teleport Other           Tloc           3%         N/A       45%         3
 Iskenderun's Mystic Bla  Conj/Tloc      3%         2d3       86%         4
 Lee's Rapid Deconstruct  Erth           1%         3d5*      99%         5
 Dispersal                Tloc           1%         N/A       100%        6
 Starburst                Conj/Fire      1%         6d3       100%        6
 Orb of Destruction       Conj           1%         9d5       100%        7
 Spellforged Servitor     Conj/Summ      1%         N/A       100%        7
 Dragon's Call            Summ           1%         N/A       100%        9


Dungeon Overview and Level Annotations

Branches:
Dungeon (4/15)
 Temple: D:4-7

Altars:
Gozag
Wu Jian

Shops:
D:2 :   D:3 *

Annotations:
D:4 Edmund, Menkaure


Innate Abilities, Weirdness & Mutations

((You are very nimble when in or above water. (Stealth+, EV+, Speed+++)))
Your lower body shifts to a powerful aquatic tail in water.


Message History

You hit Edmund but do no damage.
Edmund is severely wounded.
The wall freezes Edmund but does no damage.
Edmund hits you but does no damage.
You barely miss Edmund.
Edmund is severely wounded.
The wall freezes Edmund!
Edmund barely misses you.
You barely miss Edmund.
Edmund is severely wounded.
The frozen ramparts melt away.
Edmund barely misses you.
Edmund hits you with a +2 dire flail of protection.
* * * LOW HITPOINT WARNING * * *
You closely miss Edmund.
Edmund is severely wounded.
Edmund barely misses you.
Casting: Frozen Ramparts (dangerous; 3% risk of failure)
Confirm with . or Enter, or press ? or * to list all spells.
Aiming: Freeze (safe; 1% risk of failure)
Press: ? - help, Shift-Dir - straight line, f - Edmund
Aim: Edmund, wielding a +2 dire flail of protection and wearing a +0 leather armour (severely wounded)
You freeze Edmund.
Edmund is almost dead.
Edmund hits you with a +2 dire flail of protection.
* * * LOW HITPOINT WARNING * * *
You barely miss Edmund.
Edmund is almost dead.
Edmund hits you with a +2 dire flail of protection!
* * * LOW HITPOINT WARNING * * *
Casting: Freeze (safe; 1% risk of failure)
Confirm with . or Enter, or press ? or * to list all spells.
Aiming: Freeze (safe; 1% risk of failure)
Press: ? - help, Shift-Dir - straight line, f/p - Edmund
Aim: Edmund, wielding a +2 dire flail of protection and wearing a +0 leather armour (almost dead)
You freeze Edmund.
Edmund is almost dead.
Edmund misses you.
You hit Edmund but do no damage.
Edmund is almost dead.
Edmund hits you with a +2 dire flail of protection.
You die...

. ###.#.##...... ..#
..#...#.......#######.##
......##.#.............#
..........##..........##
.........)..........$..##
#.....<...................
#.........†.#...#.........
....##...##@##...#.........
... #####.@###.##.........
<. ##.# #............ ...
.............
#.......###.M...#.
#.......# ..... .......
.......# .<#####..


You could see Edmund.

Vanquished Creatures
  2 ice beasts
  An ogre (D:4)
  A hound (D:3)
  Natasha (D:3)
  6 adders
  2 dart slugs
  An orc (D:3)
  10 ball pythons
  7 endoplasms
  5 giant cockroaches
  4 goblins
  3 hobgoblins
  A jackal (D:3)
  4 kobolds
  3 bats (D:2)
  2 frilled lizards (D:1)
  6 rats
59 creatures vanquished.

Vanquished Creatures (others)
  8 plants (D:1)
  6 withered plants (D:1)
14 creatures vanquished.

Grand Total: 73 creatures vanquished

Notes
Turn   | Place    | Note
-------+----------+-------------------------------------------
     0 | D:1      | safid the Merfolk Ice Elementalist began the quest for the
                  | Orb.
     0 | D:1      | Reached XP level 1. HP: 13/13 MP: 3/3
   261 | D:1      | Reached XP level 2. HP: 13/20 MP: 5/5
   438 | D:1      | Reached skill level 1 in Fighting
   937 | D:1      | Reached XP level 3. HP: 25/26 MP: 4/6
   984 | D:1      | Learned a level 3 spell: Frozen Ramparts
  1324 | D:1      | Found a faded altar of an unknown god.
  1706 | D:2      | Found Quotygri's Book Emporium.
  1814 | D:2      | Reached skill level 5 in Ice Magic
  1825 | D:2      | Learned a level 3 spell: Ozocubu's Armour
  2138 | D:2      | Reached XP level 4. HP: 31/33 MP: 8/8
  2241 | D:2      | Got the Guidebook on Supportive Spelunking
  2741 | D:3      | Noticed an ice beast
  2747 | D:3      | Reached XP level 5. HP: 39/39 MP: 2/9
  2780 | D:3      | Killed an ice beast
  2909 | D:3      | Reached XP level 6. HP: 47/47 MP: 8/11
  2963 | D:3      | Found Gozag's Platinum Reserve.
  2966 | D:3      | Found an opulent altar of Gozag.
  3120 | D:3      | Found an ornate altar of the Wu Jian Council.
  3164 | D:3      | Noticed Natasha
  3168 | D:3      | Killed Natasha
  3477 | D:4      | Noticed an ice beast
  3505 | D:4      | Killed an ice beast
  3506 | D:4      | Reached skill level 6 in Ice Magic
  3559 | D:4      | Noticed Edmund
  3684 | D:4      | Noticed Menkaure
  3716 | D:4      | Slain by Edmund

Illustrated notes

Levels and vault maps discovered:
D:1:      elethiomel_arrival_maze, layout_rooms,
          shapermc_ecumenical_altar_flowoftime
D:2:      layout_loops_ring, serial_shops, shop
D:3:      minmay_bubble_buster, layout_loops_ring,
          pdpol_wu_jian_five_deadly_venoms, nicolae_gozag_zags_fifth_avenue,
          chequers_serial_rivers_small_3, minmay_misc_feat_plants, uniq_natasha
D:4:      layout_cave_pools, mainiacjoe_overflow_catwalk, grunt_dithmenos_smoke,
          uniq_edmund, uniq_blork_the_orc, uniq_menkaure

Skill      XL: |  1  2  3  4  5  6 |
---------------+-------------------+-----
Fighting       | 1 2 3 4 |  4.2
Ice Magic      | 5 6 |  6.2
Spellcasting   | 3 4 |  4.1
Dodging        | |  2.6
Stealth        | |  2.1

Action                   |  1- 3 |  4- 6 || total
-------------------------+-------+-------++-------
Melee: Hand axe          |    77 |    90 ||   167
       Punch             |     1 |     2 ||     3
 Cast: Freeze            |    28 |    21 ||    49
       Frozen Ramparts   |       |     6 ||     6
       Ozocubu's Armour  |       |     5 ||     5
 Stab: Sleeping          |     5 |     1 ||     6
Armor: Robe              |    17 |    51 ||    68
Dodge: Dodged            |    46 |    68 ||   114
